 Dungeon Crawl Stone Soup version 0.20-a0-945-g3bf614a (webtiles) character file.

59 Alarkh the Skirmisher (level 3, 0/30 HPs)
             Began as a Demonspawn Monk on Apr 1, 2017.
             Slain by a quokka (5 damage)
             ... on level 2 of the Dungeon.
             The game lasted 00:01:35 (1442 turns).

Alarkh the Skirmisher (Demonspawn Monk)             Turns: 1442, Time: 00:01:36

Health: 0/30       AC:  2    Str: 11    XL:     3   Next: 78%
Magic:  12/12      EV: 14    Int: 12    God:
Gold:   77         SH:  0    Dex: 15    Spells: 2/2 levels left

rFire    + . .     SeeInvis .     - Unarmed
rCold    . . .     Gourm    .   (no shield)
rNeg     . . .     Faith    .   a - +0 robe
rPois    .         Spirit   .   (helmet restricted)
rElec    .         Reflect  .   (no cloak)
rCorr    .         Harm     .   (no gloves)
MR       .....                  (no boots)
Stlth    ++........             (no amulet)
Regen    0.1/turn               f - ring of protection from fire
MPRegen  0.2/turn               i - ring of magical power

@: lethally poisoned (0 -> -14)
A: hooves 1, horns 1
a: no special abilities


You were on level 2 of the Dungeon.
You were not hungry.

You visited 1 branch of the dungeon, and saw 2 of its levels.

You collected 77 gold pieces.

Inventory:

Armour
 a - a +0 robe (worn)
Jewellery
 f - a ring of protection from fire (left hand)
 i - a ring of magical power (right hand)
Scrolls
 d - a scroll of remove curse
 e - a scroll of identify
 g - a scroll of magic mapping {unknown}
Books
 h - a book of Misfortune

   Spells                             Type                      Level
   a - Confusing Touch                Hexes                        1
   b - Confuse                        Hexes                        3
   c - Gell's Gravitas                Translocation                3
   d - Petrify                        Transmutation/Earth          4
   e - Metabolic Englaciation         Hexes/Ice                    5
   f - Yara's Violent Unravelling     Hexes/Transmutation          5
Comestibles
 b - a bread ration
 c - a chunk of flesh


   Skills:
 - Level 4.0 Fighting
 - Level 3.6 Dodging
 - Level 3.6 Stealth
 + Level 3.1 Unarmed Combat


You had 2 spell levels left.
You didn't know any spells.

Dungeon Overview and Level Annotations

Branches:
Dungeon (2/15)

Altars:
Dithmenos
Kikubaaqudgha
Makhleb


Innate Abilities, Weirdness & Mutations

You have large cloven feet.
You have a pair of small horns on your head.


Message History

The quokka is moderately wounded.
You feel sick. The quokka barely misses you. The adder barely misses you.
The quokka misses you.
You closely miss the quokka.
The quokka is moderately wounded.
The adder bites you.
You are more poisoned.
The adder poisons you! The quokka misses you. The adder bites you.
You are more poisoned.
The adder poisons you!
You feel sick.
You feel sick.
You feel sick.
You feel sick. The adder bites you.
* * * LOW HITPOINT WARNING * * *
You are more poisoned.
The adder poisons you!
* * * LOW HITPOINT WARNING * * *
You feel sick. The quokka bites you.
You die...

....####.#.....#.#.#
....####.###.....#.####
..........####........#
......................#
⌠.._......####........# .
.....###### #........# ...
....## ### #........##.....
...(####...#######..........#
..>.............@rS.........#
......##...#######..........#
......##...## #..........#
............# #..........#
#####.......# ########.###
..# #.......# .# ..#
#.......# . ..# #.......# ..#
#.......###


You could see an adder and a quokka.

Vanquished Creatures
  An adder (D:2)
  A dart slug (D:1)
  6 leopard geckos
  4 ball pythons (D:1)
  2 giant cockroaches (D:1)
  6 goblins (D:1)
  4 hobgoblins
  6 bats
  4 frilled lizards
  3 kobolds (D:1)
  3 rats
40 creatures vanquished.

Notes
Turn   | Place    | Note
-------+----------+-------------------------------------------
     0 | D:1      | Alarkh the Demonspawn Monk began the quest for the Orb.
     0 | D:1      | Reached XP level 1. HP: 19/19 MP: 1/1
    20 | D:1      | Reached skill level 1 in Unarmed Combat
    44 | D:1      | Gained mutation: You have a pair of small horns on your head. [demonic ancestry]
    44 | D:1      | Reached XP level 2. HP: 17/25 MP: 2/2
   568 | D:1      | Gained mutation: You have large cloven feet. [demonic ancestry]
   568 | D:1      | Reached XP level 3. HP: 18/30 MP: 3/3
  1279 | D:2      | Found a shadowy altar of Dithmenos.
  1280 | D:2      | Found an ancient bone altar of Kikubaaqudgha.
  1282 | D:2      | Found a burning altar of Makhleb.
  1442 | D:2      | Slain by a quokka

Vault maps used:
D:1:      mushboom_english_gardens, minmay_shallow_snake_nest
D:2:      grunt_temple_overflow_open, minmay_fountain_box

Skill      XL: |  1  2  3 |
---------------+----------+-----
Unarmed Combat | 1 2 3 |  3.1
Fighting       | |  4.0
Dodging        | |  3.6
Stealth        | |  3.6

Action                   || total
-------------------------++-------
Melee: Unarmed           ||   168
       Headbutt          ||    11
       Punch             ||     2
       Kick              ||    17
  Use: Scroll            ||     3
 Stab: Sleeping          ||     4
  Eat: Chunk             ||     2
Armor: Robe              ||    33
Dodge: Dodged            ||   142
